 Dungeon Crawl Stone Soup version 0.28-a0-1184-g53156a8862 (webtiles) character file.

Game seed: 18086893314545220935

11036 rogsnak the Thaumaturge (level 11, -1/75 HPs)
             Began as a Demonspawn Air Elementalist on Dec 17, 2021.
             Was a Believer of Sif Muna.
             Slain by an unseen horror (8 damage)
             ... on level 12 of the Dungeon on Dec 18, 2021.
             The game lasted 00:42:04 (15141 turns).

rogsnak the Thaumaturge (DsAE)                     Turns: 15141, Time: 00:42:04

Health: -1/75      AC: 12    Str:  9    XL:     11   Next: 44%
Magic:  33/33      EV: 12    Int: 21    God:    Sif Muna [**....]
Gold:   640        SH:  0    Dex: 13    Spells: 15/28 levels left

rFire   . . .      SeeInvis .   S - +2 flail (drain)
rCold   . . .      Faith    .   (no shield)
rNeg    . . .      Spirit   .   R - +0 troll leather armour
rPois   .          Reflect  .   Z - +2 helmet of Recklessness {rElec}
rElec   +          Harm     .   o - +0 cloak
rCorr   .          Rampage  .   (no gloves)
Will    .....                   z - +0 pair of boots
Stlth   ++........              K - amulet of magic regeneration
HPRegen 1.02/turn               j - ring of wizardry
MPRegen 0.63/turn               U - ring of magical power

@: marked
A: claws 1, icy blue scales 1, demonic guardian 1, ignite blood 2
a: Renounce Religion, Channel Magic


You were on level 12 of the Dungeon.
You worshipped Sif Muna.
Sif Muna was pleased with you.
You visited 2 branches of the dungeon, and saw 13 of its levels.

You collected 877 gold pieces.
You spent 237 gold pieces at shops.

Inventory:

Hand Weapons
 S - a +2 flail of draining (weapon)
Missiles
 f - 27 poisoned darts
 I - 2 throwing nets
Armour
 o - a +0 cloak (worn)
 u - a +1 leather armour of fire resistance
 z - a +0 pair of boots (worn)
 R - a +0 troll leather armour (worn)
 T - a +1 ring mail of positive energy
 X - +0 acid dragon scales
 Y - a +3 leather armour
 Z - the +2 helmet of Recklessness (worn) {rElec}
   (You bought it in a shop on level 9 of the Dungeon)

   rElec:     It insulates you from electricity.
Jewellery
 j - a ring of wizardry (left claw)
 y - an amulet of regeneration
 J - a ring of resist corrosion
 K - an amulet of magic regeneration (around neck)
 P - a +4 ring of protection
 Q - an amulet of faith
 U - a ring of magical power (right claw)
Wands
 a - a wand of acid (4)
 B - a wand of mindburst (7)
 M - a wand of digging (13)
 O - a wand of iceblast (14)
Scrolls
 c - 4 scrolls of noise {unknown}
 d - 3 scrolls of summoning {unknown}
 e - 3 scrolls of magic mapping {unknown}
 l - 6 scrolls of fog {unknown}
 m - a scroll of brand weapon
 n - 6 scrolls of teleportation {unknown}
 q - a scroll of enchant weapon
 t - 2 scrolls of enchant armour {unknown}
 w - 5 scrolls of blinking {unknown}
 C - a scroll of amnesia
 D - a scroll of silence
 N - 2 scrolls of immolation
Potions
 b - a potion of resistance
 g - 3 potions of flight {unknown}
 h - 2 potions of heal wounds {unknown}
 i - 3 potions of haste {unknown}
 p - 2 potions of invisibility {unknown}
 r - a potion of cancellation
 s - 2 potions of might {unknown}
 v - 2 potions of attraction {unknown}
 x - a potion of ambrosia
 A - 2 potions of brilliance {unknown}
 E - 2 potions of berserk rage {unknown}
 H - 2 potions of mutation
 V - a potion of magic
 W - 2 potions of curing


   Skills:
 + Level 3.1 Fighting
 + Level 3.8 Armour
 + Level 4.2 Dodging
 - Level 1.8 Stealth
 + Level 9.4 Spellcasting
 + Level 8.6 Conjurations
 + Level 8.5 Air Magic
 * Level 5.0 Earth Magic
 + Level 0.9 Evocations


You had 15 spell levels left.
You knew the following spells:

 Your Spells              Type           Power      Damage    Failure   Level
a - Shock                 Conj/Air       100%       1d9       1%          1
b - Swiftness             Air            45%        N/A       1%          3
c - Airstrike             Air            22%        N/A       1%          4
d - Lee's Rapid Deconstr  Erth           15%        3d11*     13%         5

Your spell library contained the following spells:

 Spells                   Type           Power      Damage    Failure   Level
 Magic Dart               Conj           100%       1d8       1%          1
 Searing Ray              Conj           92%        2d7       1%          2
 Static Discharge         Conj/Air       46%        N/A       1%          2
 Animate Skeleton         Necr           18%        N/A       4%          1
 Apportation              Tloc           18%        N/A       4%          1
 Pain                     Necr           36%        1d5       4%          1
 Slow                     Hex            36%        N/A       4%          1
 Summon Small Mammal      Summ           36%        N/A       4%          1
 Sublimation of Blood     Necr           9%         N/A       6%          2
 Wereblood                Tmut           9%         N/A       6%          2
 Fulminant Prism          Conj/Hex       14%        3d9       6%          4
 Call Canine Familiar     Summ           9%         N/A       12%         3
 Confusing Touch          Hex            9%         N/A       12%         3
 Portal Projectile        Hex/Tloc       18%        N/A       12%         3
 Vampiric Draining        Necr           9%         2d6       12%         3
 Leda's Liquefaction      Hex/Erth       10%        N/A       13%         4
 Yara's Violent Unravell  Hex/Tmut       4%         3d4       67%         5
 Statue Form              Tmut/Erth      13%        N/A       87%         6
 Summon Hydra             Summ           4%         N/A       100%        7


Dungeon Overview and Level Annotations

Branches:
Dungeon (12/15)            Temple (1/1) D:6            Lair (0/6) D:11
    Orc: D:9-12

Altars:
Ashenzari
Cheibriados
Dithmenos
Elyvilon
Fedhas
Gozag
Hepliaklqana
Kikubaaqudgha
Makhleb
Nemelex Xobeh
Okawaru
Qazlal
Ru
Sif Muna
Trog
Uskayaw
Vehumet
Wu Jian
Xom
Yredelemnul
Zin
The Shining One
Beogh

Shops:
D:8 !   D:9 =([[

Annotations:
D:4 Edmund
D:7 Water Cache?


Innate Abilities, Weirdness & Mutations

You have sharp fingernails.
You are partially covered in icy blue scales. (AC +2)
A weak demonic guardian rushes to your aid.
Your demonic aura often causes spilled blood to erupt in flames.


Message History

HP restored.
Found an escape hatch in the floor.
Found a stone staircase leading down.
Found a morningstar.
Found a stone staircase leading down.
Found 16 bolts.
A sourceless malevolence fills the Dungeon...
With a horrendous wail, an alarm goes off!
A sentinel's mark forms upon you.
You hear a shout! x10; You hear two shouts!
You hear a howl!
A vampire comes into view.
Something hits you.
Deactivating autopickup; reactivate with Ctrl-A.
Something hits you but does no damage. x2
Something hits you but does no damage. Something hits you.
Something completely misses you. Something hits you.
Something hits you but does no damage. x2
Something hits you but does no damage. Something hits you!
Something hits you. x2
Something hits you. x2; Something hits you but does no damage.
Something hits you. Something hits you.
Something hits you but does no damage. x2
Something hits you! Something hits you. Something hits you!
Something hits you but does no damage. Something hits you!
* * * LOW HITPOINT WARNING * * *
A vampire mosquito comes into view.
Unknown command.
Something hits you.
* * * LOW HITPOINT WARNING * * *
Something hits you but does no damage.
A vampire mosquito comes into view.
Unknown command.
Something hits you.
* * * LOW HITPOINT WARNING * * *
Something hits you but does no damage. x3
A vampire mosquito comes into view.
Unknown command.
Something barely misses you. Something hits you!
* * * LOW HITPOINT WARNING * * *
A demonic guardian appears!
Something hits you!
You die...

###
#..V..####.####
#..........#
#....y########
#.............
#.(.y.########
#..☼°y# #....5#
#..☼{.# #...@.#
#######


You could see 3 vampire mosquitoes and a friendly quasit (summoned, wandering).

Vanquished Creatures
  3 two-headed ogres
  A deep elf pyromancer (D:9)
  A cyclops (D:11)
  4 centaur zombies
  Maggie (D:9)
  A kobold demonologist (D:10)
  2 trolls
  2 wyverns (D:10)
  19 yaks
  Menkaure (D:7)
  2 wargs (D:11)
  An acid dragon (D:10)
  2 sky beasts
  5 orc warriors
  An ice beast (D:7)
  A black bear (D:5)
  A necrophage (D:7)
  2 ogres
  6 centaurs
  A phantom (D:5)
  2 water moccasin zombies
  2 scorpions
  2 water moccasin skeletons
  7 electric eels
  2 bullfrog zombies
  4 orc priests
  4 centaur skeletons
  A gnoll shaman (D:6)
  7 hounds
  A jelly (D:5)
  3 iguanas
  A bullfrog skeleton (D:5)
  7 orc wizards
  A howler monkey zombie (D:10)
  7 gnolls
  7 adders
  A shadow imp (D:5)
  An ufetubus (D:7)
  An adder skeleton (D:5)
  3 worms (D:2)
  A dart slug (D:1)
  41 orcs
  4 endoplasms
  3 giant cockroaches
  4 goblins
  7 hobgoblins
  3 jackals (D:2)
  11 kobolds
  A quokka (D:4)
  7 ball pythons
  A frilled lizard (D:2)
  2 rats (D:2)
206 creatures vanquished.

Vanquished Creatures (others)
  3 plants
3 creatures vanquished.

Grand Total: 209 creatures vanquished

Notes
Turn   | Place    | Note
-------+----------+-------------------------------------------
     0 | D:1      | rogsnak the Demonspawn Air Elementalist began the quest for
                  | the Orb.
     0 | D:1      | Reached XP level 1. HP: 13/13 MP: 3/3
   539 | D:1      | Gained mutation: Your demonic aura sometimes causes spilled
                  | blood to erupt in flames. [demonic ancestry]
   539 | D:1      | Reached XP level 2. HP: 9/19 MP: 3/5
  1502 | D:2      | Reached XP level 3. HP: 16/24 MP: 0/6
  2244 | D:2      | You fall into a shaft and drop 2 floors!
  2271 | D:4      | Learned a level 3 spell: Swiftness
  2308 | D:4      | Reached XP level 4. HP: 8/30 MP: 0/7
  3552 | D:3      | Reached XP level 5. HP: 26/35 MP: 4/9
  3969 | D:3      | Reached skill level 3 in Spellcasting
  4623 | D:4      | Reached XP level 6. HP: 35/42 MP: 6/10
  4966 | D:4      | Reached skill level 1 in Fighting
  5289 | D:4      | Noticed Edmund
  5438 | D:4      | Learned a level 4 spell: Airstrike
  5439 | D:5      | Entered Level 5 of the Dungeon
  5651 | D:5      | Found a snail-covered altar of Cheibriados.
  5708 | D:5      | Found an opulent altar of Gozag.
  6238 | D:5      | Gained mutation: You are partially covered in icy blue
                  | scales. (AC +2) [demonic ancestry]
  6238 | D:5      | Reached XP level 7. HP: 35/48 MP: 6/12
  6495 | D:5      | Reached skill level 4 in Spellcasting
  6610 | D:5      | Reached skill level 5 in Conjurations
  6935 | D:5      | Reached skill level 1 in Armour
  6969 | D:5      | Found a hazy altar of Hepliaklqana.
  7266 | D:5      | Gained mutation: A weak demonic guardian rushes to your
                  | aid. [demonic ancestry]
  7266 | D:5      | Reached XP level 8. HP: 45/54 MP: 9/14
  7745 | D:6      | Reached skill level 5 in Spellcasting
  7813 | D:6      | Found a shadowy altar of Dithmenos.
  7833 | D:6      | Reached skill level 5 in Air Magic
  7894 | D:6      | Found a staircase to the Ecumenical Temple.
  7924 | Temple   | Entered the Ecumenical Temple
  7957 | Temple   | Became a worshipper of Sif Muna the Loreminder
  8161 | D:6      | Gained mutation: You have sharp fingernails. [demonic
                  | ancestry]
  8161 | D:6      | Reached XP level 9. HP: 49/61 MP: 12/17
  8222 | D:6      | Reached skill level 6 in Spellcasting
  9312 | D:7      | Learned a level 5 spell: Lee's Rapid Deconstruction
  9462 | D:7      | Found an ancient bone altar of Kikubaaqudgha.
  9522 | D:7      | Found a bloodstained altar of Trog.
  9575 | D:7      | Noticed Menkaure
  9591 | D:7      | Killed Menkaure
 10139 | D:8      | Noticed a two-headed ogre
 10261 | D:8      | Reached skill level 1 in Earth Magic
 10676 | D:8      | Found Nuemicixt's Distillery.
 10705 | D:8      | Reached skill level 7 in Spellcasting
 10707 | D:8      | Gained mutation: Your demonic aura often causes spilled
                  | blood to erupt in flames. [demonic ancestry]
 10707 | D:8      | Reached XP level 10. HP: 65/68 MP: 18/20
 10839 | D:8      | Found a hide-covered altar of Uskayaw.
 10846 | D:8      | Killed a two-headed ogre
 11101 | D:9      | Found Zefryas's Antique Armour Boutique.
 11179 | D:9      | Noticed Maggie
 11190 | D:9      | Killed Maggie
 11190 | D:9      | Reached * piety under Sif Muna
 11290 | D:9      | Found Tepy's Weapon Boutique.
 11352 | D:9      | Found Wexton's Antique Armour Boutique.
 11635 | D:9      | Bought a faintly humming helmet for 237 gold pieces
 11635 | D:9      | Identified the +2 helmet of Recklessness {rElec} (You
                  | bought it in a shop on level 9 of the Dungeon)
 11701 | D:9      | Found Rogy's Jewellery Shop.
 11710 | D:9      | Upgraded the game from 0.28-a0-1182-g381e24db82 to
                  | 0.28-a0-1184-g53156a8862
 11843 | D:9      | Noticed a two-headed ogre
 11855 | D:9      | Killed a two-headed ogre
 12156 | D:9      | Noticed a deep elf pyromancer
 12160 | D:9      | Killed a deep elf pyromancer
 12161 | D:9      | Reached skill level 8 in Spellcasting
 12809 | D:10     | Entered Level 10 of the Dungeon
 12936 | D:10     | Found a radiant altar of Vehumet.
 13204 | D:10     | Reached XP level 11. HP: 50/74 MP: 23/23
 13219 | D:10     | Reached ** piety under Sif Muna
 13855 | D:11     | Noticed a two-headed ogre
 14066 | D:11     | Reached skill level 9 in Spellcasting
 14332 | D:11     | Identified the +4 scale mail of Perfidy {Rampage}
 14417 | D:11     | Killed a two-headed ogre
 14932 | D:11     | Found a staircase to the Lair.
 15038 | D:11     | Reached skill level 5 in Earth Magic
 15141 | D:12     | Slain by an unseen horror

Illustrated notes

Levels and vault maps discovered:
D:1:      dpeg_arrival_tiny_a, layout_basic
D:2:      layout_basic, st_stairs_13
D:3:      layout_basic
D:4:      layout_basic, sigmund_edmund_badplayer
D:5:      layout_loops_corners, mainiacjoe_overflow_alcove_2,
          nicolae_gozag_seed_capital, nicolae_overflow_crystal_walls,
          cheibrodos_gnoll_hut
D:6:      layout_basic, nicolae_dithmenos_the_darkroom,
          minmay_temple_entry_trees, serial_bayou_pond_e
D:7:      layout_basic, trog_book, lemuel_crystal_altar, kennysheep_crisscross,
          grunt_ogre_cave, water_boxes_lemuel, uniq_menkaure
D:8:      layout_basic, mainiacjoe_overflow_boulevard, serial_shops,
          nicolae_shop_crystal
D:9:      layout_roguey, elyvilon_altar_3, serial_shops, nicolae_diamond_shop,
          shop_coins, nicolae_shop_waterfront, kennysheep_mini_moat,
          special_room [special_room_orc], minmay_librarian, uniq_maggie
D:10:     layout_basic, lemuel_round_altar, minivault_22
D:11:     layout_basic, erik_lair_orcish_takeover
D:12:     layout_rooms, orc_0_dummy, serial_shops, nicolae_square_shop,
          kennysheep_generic_room_9
Temple:   cyrus_circular_temple

Skill      XL: |  1  2  3  4  5  6  7  8  9 10 11 |
---------------+----------------------------------+-----
Dodging        | 2 3 4 |  4.2
Air Magic      | 3 4 5 6 7 8 |  8.5
Conjurations   | 2 3 4 5 7 8 |  8.6
Spellcasting   | 3 4 5 7 8 9 |  9.4
Fighting       | 1 2 3 |  3.1
Armour         | 1 2 3 |  3.8
Earth Magic    | 2 4 5 |  5.0
Stealth        | |  1.8
Evocations     | |  0.9

Action                   |  1- 3 |  4- 6 |  7- 9 | 10-12 || total
-------------------------+-------+-------+-------+-------++-------
Melee: Club              |    27 |       |       |       ||    27
       Unarmed           |    11 |       |       |       ||    11
       Short sword       |    17 |     4 |       |       ||    21
       Long sword        |       |    13 |       |       ||    13
       Falchion          |       |     1 |       |       ||     1
       Dagger            |       |     9 |    45 |       ||    54
       Flail             |       |       |     6 |   108 ||   114
 Cast: Shock             |    59 |   128 |   202 |   103 ||   492
       Airstrike         |       |       |    14 |    56 ||    70
       Swiftness         |       |       |       |     1 ||     1
Evoke: Wand              |       |       |       |     6 ||     6
  Use: Scroll            |       |       |       |    15 ||    15
 Stab: Sleeping          |       |       |     1 |       ||     1
Armor: Robe              |    19 |     2 |       |       ||    21
       Leather armour    |       |       |    48 |     2 ||    50
       Acid dragon scale |       |       |       |    74 ||    74
       Troll leather arm |       |       |       |    30 ||    30
Dodge: Dodged            |    52 |    26 |    88 |   104 ||   270

Table legend: (Time is in decaauts)
 A = Elapsed time spent in this place.
 B = Non-inter-level travel time spent in this place.
 C = Inter-level travel time spent in this place.
 D = Time resting spent in this place.
 E = Time spent auto-exploring this place.
 F = Levels seen in this place.
 G = Mean time per level.
                   A        B        C        D        E       F      G
               +--------+--------+--------+--------+--------+-----+--------+
         Total |  15211 |  14878 |    333 |   3888 |   7951 |  13 | 1170.1 |
       Dungeon |  15162 |  14829 |    333 |   3888 |   7951 |  12 | 1263.5 |
        Temple |     48 |     48 |      0 |      0 |      0 |   1 |   48.0 |
               +--------+--------+--------+--------+--------+-----+--------+

Top non-repeatable levels by time:
     D:5: 1869 daAuts
     D:9: 1809 daAuts
     D:4: 1598 daAuts
     D:7: 1512 daAuts
     D:6: 1437 daAuts
     D:2: 1354 daAuts
     D:1: 1342 daAuts
    D:11: 1200 daAuts
     D:3: 1158 daAuts
    D:10: 1080 daAuts
     D:8: 709 daAuts
    D:12: 90 daAuts
  Temple: 48 daAuts
